 Dungeon Crawl Stone Soup version 0.19.0-2-gae57169 (webtiles) character file.

228 Jerry the Chopper (level 5, -3/45 HPs)
             Began as a Deep Dwarf Gladiator on Nov 2, 2016.
             Slain by an orc priest
             ... wielding a +0 flail
              (7 damage)
             ... on level 4 of the Dungeon.
             The game lasted 00:08:28 (2097 turns).

Jerry the Chopper (Deep Dwarf Gladiator)            Turns: 2097, Time: 00:08:29

Health: -3/45      AC:  4    Str: 19    XL:     5   Next: 70%
Magic:  5/5        EV: 13    Int:  8    God:
Gold:   69         SH:  0    Dex: 14    Spells: 0 memorised, 4 levels left

rFire  . . .     SeeInvis .     a - +0 war axe
rCold  . . .     Gourm    .     b - +0 leather armour
rNeg   . . .     Faith    .     (no shield)
rPois  .         Spirit   .     h - +0 helmet
rElec  .         Reflect  .     (no cloak)
rCorr  .         Harm     .     (no gloves)
MR     .....                    (no boots)
Stlth  +.........               (no amulet)
                                (no ring)
                                (no ring)

@: non-regenerating
A: damage resistance, recharge devices, sense surroundings 1, slow regeneration
3
a: Device Recharging


You were on level 4 of the Dungeon.
You were not hungry.

You visited 1 branch of the dungeon, and saw 4 of its levels.

You collected 69 gold pieces.

Inventory:

Hand Weapons
 a - a +0 war axe (weapon)
Missiles
 d - 2 throwing nets
 g - 143 stones (quivered)
 s - 21 sling bullets
Armour
 b - a +0 leather armour (worn)
 h - a +0 helmet (worn)
Wands
 e - a wand of heal wounds (3/9)
Scrolls
 j - a scroll of noise {unknown}
 k - 3 scrolls of remove curse {unknown}
 l - 2 scrolls of amnesia {unknown}
 n - 2 scrolls of enchant armour {unknown}
 q - 2 scrolls of identify {unknown}
 v - a scroll of fear {unknown}
Potions
 i - a potion of curing {unknown}
 m - a potion of invisibility {unknown}
 o - 3 potions of might {unknown}
 p - a potion of magic {unknown}
 t - a potion of heal wounds {unknown}
 u - a potion of degeneration {unknown}
 x - a potion of agility {unknown}
Comestibles
 f - 3 bread rations
 r - 3 fruits
 w - 4 chunks of flesh


   Skills:
 - Level 1.7 Fighting
 + Level 5.0 Axes
 - Level 3.1 Throwing
 + Level 3.5 Armour
 - Level 3.2 Dodging


You had 4 spell levels left.
You didn't know any spells.

Dungeon Overview and Level Annotations

Branches:
Dungeon (4/15)
 Temple: D:4-7

Altars:
Fedhas


Innate Abilities, Weirdness & Mutations

You are resistant to damage.
You can recharge devices by infusing magical energy.
You passively map a small area around you.
You do not regenerate.


Message History

You kill the worker ant!
Your Axes skill increases to level 5!
You hit the orc priest.
The orc priest invokes the aid of Beogh against you.
Beogh smites you!
* * * LOW HITPOINT WARNING * * *
You hit the orc priest.
The orc priest is almost dead.
The orc priest hits you with a flail.
You closely miss the orc priest.
The orc priest is almost dead.
The orc priest closely misses you.
You barely miss the orc priest.
The orc priest is almost dead.
The orc priest hits you with a flail!
* * * LOW HITPOINT WARNING * * *
You barely miss the orc priest.
The orc priest is almost dead.
The orc priest hits you with a flail!
You die...

*#. , #..
####### #... ,
###.....##....
*...........
#....... ,,
#.....# ** , ,
#.†o).# ###@###
* #.# ,,
#.##.##########
* ,,
#............##
#.####.#.......#
..* #.#.####..#.
,#.
#>.........., #
* ###.####.##. *
* #.# #.#**


You could see an orc priest.

Vanquished Creatures
  A hound (D:4)
  An orc priest (D:4)
  A worker ant (D:4)
  Robin (D:3)
  2 adders
  4 gnolls
  An ooze (D:1)
  A worm (D:2)
  2 dart slugs
  3 leopard geckos
  An orc (D:4)
  A ball python (D:3)
  2 bats (D:1)
  3 giant cockroaches (D:1)
  15 goblins
  5 hobgoblins
  2 jackals (D:1)
  A quokka (D:2)
  3 frilled lizards
  5 kobolds
  6 rats
61 creatures vanquished.

Notes
Turn   | Place    | Note
-------+----------+-------------------------------------------
     0 | D:1      | Jerry the Deep Dwarf Gladiator began the quest for the Orb.
     0 | D:1      | Reached XP level 1. HP: 19/19 MP: 1/1
   225 | D:1      | Reached skill level 1 in Armour
   230 | D:1      | Reached XP level 2. HP: 26/26 MP: 2/2
   800 | D:1      | Reached XP level 3. HP: 27/32 MP: 3/3
  1096 | D:2      | Found a blossoming altar of Fedhas.
  1673 | D:3      | Noticed Robin
  1688 | D:3      | Reached skill level 4 in Axes
  1688 | D:3      | Reached XP level 4. HP: 36/39 MP: 4/4
  1769 | D:3      | Killed Robin
  1996 | D:4      | Reached XP level 5. HP: 38/45 MP: 5/5
  2093 | D:4      | Reached skill level 5 in Axes
  2097 | D:4      | Slain by an orc priest

Skill      XL: |  1  2  3  4  5 |
---------------+----------------+-----
Armour         | 1 2 3 |  3.5
Throwing       | 2 3 |  3.1
Axes           | 4 5 |  5.0
Fighting       | |  1.7
Dodging        | |  3.2

Action                   |  1- 3 |  4- 6 || total
-------------------------+-------+-------++-------
Melee: War axe           |    96 |    62 ||   158
Throw: Throwing net      |     2 |       ||     2
       Stone             |    46 |       ||    46
Evoke: Wand              |     1 |     1 ||     2
 Stab: Sleeping          |     1 |       ||     1
  Eat: Chunk             |     2 |     2 ||     4
Armor: Leather armour    |    33 |    11 ||    44
Dodge: Dodged            |    62 |    63 ||   125
